[ PARTIDA AOE2 · #458349776 ]
UnrankedChinos vs Goths
[ ANÁLISIS DE REPETICIÓN · EXTRAÍDO DE LA PARTIDA GRABADA ]
Feudal
13:50
Castillos
25:48
Imperial
46:20
| APM promedio | 8.6 |
| APM pico | 46 |
| eAPM promedio | 7.2 |
| Aldeanos / militares | 74 / 317 |
Foco
⚔️ 56.7% · 🌾 43.3%
Fire Lancer ×107 · Skirmisher ×63 · Chu Ko Nu ×56 · Spearman ×48 · Trade Cart ×36 · Archer ×25
Feudal
14:02
Castillos
21:21
Imperial
36:58
| APM promedio | 12.9 |
| APM pico | 41 |
| eAPM promedio | 7.2 |
| Aldeanos / militares | 89 / 567 |
Foco
⚔️ 38.8% · 🌾 61.2%
Huskarl ×513 · Trade Cart ×36 · Spearman ×26 · Trebuchet (Packed) ×17 · Mangonel ×11
Feudal
12:22
Castillos
21:24
Imperial
42:36
| APM promedio | 4.8 |
| APM pico | 17 |
| eAPM promedio | 3.7 |
| Aldeanos / militares | 92 / 285 |
Foco
⚔️ 38.8% · 🌾 61.2%
Teutonic Knight ×158 · Knight ×114 · Trade Cart ×31 · Trebuchet (Packed) ×9 · Monk ×4
Feudal
12:46
Castillos
21:42
Imperial
49:50
| APM promedio | 18.8 |
| APM pico | 66 |
| eAPM promedio | 10.0 |
| Aldeanos / militares | 111 / 344 |
Foco
⚔️ 52.7% · 🌾 47.3%
Knight ×242 · Scout Cavalry ×55 · Trade Cart ×24 · Spearman ×16 · Cavalry Archer ×15 · Skirmisher ×9
Feudal
11:34
Castillos
22:33
Imperial
55:05
| APM promedio | 13.3 |
| APM pico | 146 |
| eAPM promedio | 7.0 |
| Aldeanos / militares | 94 / 287 |
Foco
⚔️ 52.4% · 🌾 47.6%
Knight ×185 · Skirmisher ×54 · Spearman ×46 · Trade Cart ×24 · Monk ×2
Feudal
13:10
Castillos
33:02
Imperial
49:11
| APM promedio | 16.7 |
| APM pico | 46 |
| eAPM promedio | 10.6 |
| Aldeanos / militares | 157 / 535 |
Foco
⚔️ 33.2% · 🌾 66.8%
Eagle Scout ×380 · Spearman ×49 · Militia ×46 · Scorpion ×35 · Trade Cart ×17 · Mangonel ×16
Mapa de la partida
Recursos iniciales + cada clic de construcción. Líneas = muros · curvas = relieve. ◆ oro · ⬟ piedra · ● bayas · ✦ reliquia · ◌ hueco del cierre
Tu base· Abierta — flanco sin cerrar
Base de LanChesslot· Abierta — flanco sin cerrar
Base de teutonicou· Abierta — flanco sin cerrar
Base de nicodomax· Abierta — flanco sin cerrar
Base de ModernSamurai· Abierta — flanco sin cerrar
Base de marcer2014· ✓ Cerrada en 33:02 · 190t muro · 3 puerta(s)
Terreno inicial suavizado · ◌ = hueco del cierre detectado · pasá el cursor para detalles
Inputs por minuto
— Chopan - - LanChesslot
Build order — Chopan
Primeras 150 de 563 acciones detectadas
| 0:31 | Construir | House |
| 0:36 | Construir | House |
| 1:16 | Crear | Villager (Male) |
| 1:16 | Crear | Villager (Male) |
| 1:45 | Construir | Mill |
| 2:54 | Crear | Villager (Male) |
| 2:54 | Crear | Villager (Male) |
| 2:55 | Crear | Villager (Male) |
| 2:55 | Crear | Villager (Male) |
| 4:32 | Crear | Villager (Male) |
| 4:34 | Crear | Villager (Male) |
| 4:36 | Crear | Villager (Male) |
| 4:36 | Crear | Villager (Male) |
| 6:26 | Construir | Lumber Camp |
| 6:49 | Crear | Villager (Male) |
| 6:50 | Crear | Villager (Male) |
| 6:50 | Crear | Villager (Male) |
| 6:51 | Crear | Villager (Male) |
| 6:51 | Crear | Villager (Male) |
| 6:54 | Crear | Villager (Male) |
| 7:57 | Construir | House |
| 8:03 | Construir | House |
| 8:52 | Construir | Mining Camp |
| 9:20 | Construir | Farm |
| 9:46 | Construir | Farm |
| 9:59 | Construir | Farm |
| 10:25 | Construir | Farm |
| 10:51 | Construir | Farm |
| 11:28 | Construir | Farm |
| 11:37 | Construir | Farm |
| 11:40 | Investigar | Feudal Age |
| 12:04 | Construir | Farm |
| 13:43 | Construir | Farm |
| 13:50 | Edad | Edad Feudal |
| 13:55 | Investigar | Wheelbarrow |
| 14:00 | Investigar | Horse Collar |
| 14:10 | Investigar | Double-Bit Axe |
| 14:38 | Crear | Villager (Male) |
| 14:38 | Crear | Villager (Male) |
| 14:38 | Crear | Villager (Male) |
| 14:39 | Crear | Villager (Male) |
| 14:39 | Crear | Villager (Male) |
| 14:39 | Crear | Villager (Male) |
| 14:40 | Crear | Villager (Male) |
| 14:40 | Crear | Villager (Male) |
| 14:40 | Crear | Villager (Male) |
| 15:19 | Construir | Mining Camp |
| 16:01 | Construir | Barracks |
| 17:16 | Construir | Market |
| 17:35 | Construir | Farm |
| 17:39 | Construir | Farm |
| 18:05 | Investigar | Gold Mining |
| 18:44 | Construir | Archery Range |
| 19:48 | Construir | Lumber Camp |
| 21:03 | Crear | Villager (Male) |
| 21:04 | Crear | Villager (Male) |
| 21:04 | Crear | Villager (Male) |
| 21:04 | Crear | Villager (Male) |
| 21:04 | Crear | Villager (Male) |
| 21:05 | Crear | Villager (Male) |
| 21:23 | Crear | Militia |
| 21:24 | Crear | Militia |
| 21:24 | Crear | Militia |
| 21:34 | Construir | Farm |
| 22:05 | Construir | Farm |
| 22:24 | Construir | Farm |
| 22:41 | Investigar | Castle Age |
| 22:51 | Construir | Farm |
| 23:19 | Construir | Farm |
| 23:45 | Construir | House |
| 23:50 | Construir | House |
| 23:56 | Crear | Trade Cart |
| 23:57 | Crear | Trade Cart |
| 23:57 | Crear | Trade Cart |
| 23:57 | Crear | Trade Cart |
| 23:58 | Crear | Trade Cart |
| 24:11 | Construir | House |
| 24:38 | Crear | Spearman |
| 24:39 | Crear | Spearman |
| 24:39 | Crear | Spearman |
| 24:40 | Crear | Spearman |
| 24:40 | Crear | Spearman |
| 24:41 | Crear | Spearman |
| 25:48 | Edad | Edad de los Castillos |
| 25:56 | Investigar | Heavy Plow |
| 26:07 | Investigar | Bow Saw |
| 26:15 | Construir | Farm |
| 26:57 | Crear | Villager (Male) |
| 26:59 | Investigar | Hand Cart |
| 27:03 | Crear | Villager (Male) |
| 27:03 | Crear | Villager (Male) |
| 27:04 | Crear | Villager (Male) |
| 27:04 | Crear | Villager (Male) |
| 27:04 | Crear | Villager (Male) |
| 27:04 | Crear | Villager (Male) |
| 27:48 | Investigar | Gold Shaft Mining |
| 29:25 | Construir | Stone Wall |
| 29:41 | Construir | Gate |
| 29:52 | Construir | Stone Wall |
| 31:50 | Construir | Blacksmith |
| 31:56 | Construir | University |
| 32:07 | Construir | Monastery |
| 34:06 | Construir | Mining Camp |
| 34:22 | Crear | Trade Cart |
| 34:23 | Crear | Trade Cart |
| 34:23 | Crear | Trade Cart |
| 34:23 | Crear | Trade Cart |
| 34:24 | Crear | Trade Cart |
| 34:24 | Crear | Trade Cart |
| 34:24 | Crear | Trade Cart |
| 34:25 | Crear | Trade Cart |
| 34:25 | Crear | Trade Cart |
| 34:45 | Crear | Villager (Male) |
| 34:45 | Crear | Villager (Male) |
| 34:45 | Crear | Villager (Male) |
| 34:45 | Crear | Villager (Male) |
| 34:46 | Crear | Villager (Male) |
| 34:46 | Crear | Villager (Male) |
| 35:46 | Construir | Castle |
| 36:15 | Construir | Farm |
| 36:25 | Construir | Farm |
| 38:02 | Construir | House |
| 38:08 | Construir | House |
| 38:12 | Construir | House |
| 38:21 | Construir | House |
| 38:27 | Construir | Farm |
| 38:36 | Construir | Farm |
| 38:53 | Investigar | Stone Mining |
| 38:58 | Investigar | Forging |
| 38:59 | Investigar | Scale Mail Armor |
| 39:00 | Investigar | Padded Archer Armor |
| 39:00 | Investigar | Fletching |
| 39:30 | Construir | Castle |
| 40:06 | Construir | Archery Range |
| 40:19 | Construir | Archery Range |
| 40:59 | Construir | House |
| 41:03 | Construir | House |
| 41:12 | Investigar | Town Watch |
| 41:21 | Investigar | Chain Mail Armor |
| 41:22 | Investigar | Iron Casting |
| 41:22 | Investigar | Leather Archer Armor |
| 41:28 | Investigar | Ballistics |
| 41:32 | Investigar | Masonry |
| 41:36 | Investigar | Murder Holes |
| 41:41 | Investigar | Heated Shot |
| 41:44 | Investigar | Fortified Wall (upgrade) |
| 42:16 | Crear | Chu Ko Nu |
| 42:16 | Crear | Chu Ko Nu |
| 42:17 | Crear | Chu Ko Nu |
| 42:17 | Crear | Chu Ko Nu |
Build order — LanChesslot
Primeras 150 de 405 acciones detectadas
| 0:09 | Construir | House |
| 0:10 | Construir | House |
| 0:16 | Crear | Villager (Male) |
| 0:16 | Crear | Villager (Male) |
| 0:16 | Crear | Villager (Male) |
| 0:29 | Crear | Villager (Male) |
| 1:43 | Crear | Villager (Male) |
| 2:20 | Crear | Villager (Male) |
| 4:09 | Crear | Villager (Male) |
| 4:10 | Crear | Villager (Male) |
| 4:20 | Crear | Villager (Male) |
| 4:31 | Construir | House |
| 5:32 | Crear | Villager (Male) |
| 6:10 | Crear | Villager (Male) |
| 6:11 | Crear | Villager (Male) |
| 6:13 | Crear | Villager (Male) |
| 7:09 | Crear | Villager (Male) |
| 7:10 | Crear | Villager (Male) |
| 7:17 | Construir | Lumber Camp |
| 7:27 | Crear | Villager (Male) |
| 7:28 | Crear | Villager (Male) |
| 7:39 | Crear | Villager (Male) |
| 7:53 | Construir | House |
| 8:36 | Crear | Villager (Male) |
| 8:52 | Crear | Villager (Male) ×2 |
| 9:43 | Crear | Villager (Male) |
| 10:16 | Construir | House |
| 10:55 | Construir | Mill |
| 11:07 | Crear | Villager (Male) |
| 11:41 | Construir | Farm |
| 11:42 | Construir | Farm |
| 11:43 | Construir | Farm |
| 11:44 | Crear | Villager (Male) |
| 11:45 | Crear | Villager (Male) |
| 11:52 | Investigar | Feudal Age |
| 11:58 | Construir | Farm |
| 11:58 | Construir | Farm |
| 12:02 | Construir | Farm |
| 12:02 | Construir | Farm |
| 12:03 | Construir | Farm |
| 12:03 | Construir | Farm |
| 12:03 | Construir | Farm |
| 12:04 | Construir | Farm |
| 12:04 | Construir | Farm |
| 12:04 | Construir | Farm |
| 14:02 | Edad | Edad Feudal |
| 14:07 | Crear | Villager (Male) |
| 14:10 | Investigar | Double-Bit Axe |
| 14:13 | Investigar | Horse Collar |
| 14:22 | Construir | Blacksmith |
| 14:32 | Construir | Market |
| 14:50 | Construir | Mining Camp |
| 14:55 | Crear | Villager (Male) |
| 14:55 | Crear | Villager (Male) |
| 15:53 | Crear | Villager (Male) |
| 16:16 | Construir | House |
| 16:25 | Crear | Villager (Male) |
| 16:27 | Crear | Villager (Male) |
| 16:51 | Investigar | Wheelbarrow |
| 17:12 | Crear | Villager (Male) |
| 17:40 | Construir | House |
| 17:41 | Construir | House |
| 17:43 | Construir | House |
| 17:45 | Construir | House |
| 18:41 | Investigar | Castle Age |
| 20:13 | Construir | House |
| 20:13 | Construir | House |
| 20:15 | Construir | House |
| 21:21 | Edad | Edad de los Castillos |
| 21:38 | Construir | Town Center |
| 21:49 | Construir | Town Center |
| 21:50 | Crear | Villager (Male) |
| 21:50 | Crear | Villager (Male) |
| 21:51 | Crear | Villager (Male) |
| 22:00 | Construir | Mining Camp |
| 22:29 | Investigar | Heavy Plow |
| 22:35 | Investigar | Gold Mining |
| 23:08 | Investigar | Hand Cart |
| 23:16 | Crear | Villager (Male) |
| 23:16 | Crear | Villager (Male) |
| 23:16 | Crear | Villager (Male) |
| 23:18 | Crear | Villager (Male) |
| 23:18 | Crear | Villager (Male) |
| 23:19 | Crear | Villager (Male) |
| 23:20 | Crear | Villager (Male) |
| 23:20 | Crear | Villager (Male) |
| 23:23 | Crear | Villager (Male) |
| 23:23 | Crear | Villager (Male) |
| 23:32 | Crear | Villager (Male) |
| 23:32 | Crear | Villager (Male) |
| 23:52 | Construir | Farm |
| 23:57 | Construir | Farm |
| 24:55 | Construir | Farm |
| 25:03 | Crear | Villager (Male) |
| 25:04 | Crear | Villager (Male) |
| 25:19 | Construir | Farm |
| 25:59 | Construir | House |
| 26:10 | Crear | Villager (Male) |
| 26:11 | Crear | Villager (Male) |
| 26:11 | Crear | Villager (Male) |
| 26:12 | Crear | Villager (Male) |
| 26:13 | Crear | Villager (Male) |
| 26:22 | Construir | Barracks |
| 26:30 | Investigar | Scale Mail Armor |
| 26:33 | Investigar | Forging |
| 26:52 | Construir | Farm |
| 26:54 | Crear | Villager (Male) |
| 26:55 | Crear | Villager (Male) |
| 26:55 | Crear | Villager (Male) |
| 26:57 | Crear | Villager (Male) |
| 27:17 | Construir | Farm |
| 28:10 | Construir | Farm |
| 28:15 | Crear | Villager (Male) |
| 28:16 | Crear | Villager (Male) |
| 28:16 | Crear | Villager (Male) |
| 28:26 | Construir | Monastery |
| 28:47 | Construir | University |
| 30:19 | Construir | Castle |
| 30:25 | Crear | Villager (Male) |
| 30:26 | Crear | Villager (Male) |
| 30:26 | Crear | Villager (Male) |
| 30:27 | Crear | Villager (Male) |
| 30:27 | Crear | Villager (Male) |
| 30:41 | Construir | Farm |
| 30:46 | Investigar | Squires |
| 31:32 | Construir | Farm |
| 31:33 | Construir | Farm |
| 31:38 | Construir | Farm |
| 31:41 | Crear | Villager (Male) |
| 31:42 | Crear | Villager (Male) |
| 31:42 | Crear | Villager (Male) |
| 31:43 | Crear | Villager (Male) |
| 31:46 | Crear | Villager (Male) |
| 31:47 | Crear | Villager (Male) |
| 31:56 | Investigar | Anarchy |
| 32:08 | Construir | Barracks |
| 32:33 | Construir | Farm |
| 32:42 | Investigar | Stone Mining |
| 32:49 | Construir | Farm |
| 33:02 | Construir | Lumber Camp |
| 33:14 | Crear | Villager (Male) |
| 33:15 | Crear | Villager (Male) |
| 33:15 | Crear | Villager (Male) |
| 33:16 | Crear | Villager (Male) |
| 33:34 | Crear | Huskarl |
| 33:35 | Crear | Huskarl |
| 33:35 | Crear | Huskarl |
| 33:35 | Crear | Huskarl |
| 33:40 | Crear | Huskarl |
| 33:41 | Crear | Huskarl |
Build order — teutonicou
Primeras 150 de 259 acciones detectadas
| 0:12 | Crear | Villager (Male) |
| 0:13 | Crear | Villager (Male) |
| 0:13 | Crear | Villager (Male) |
| 0:13 | Crear | Villager (Male) |
| 0:22 | Construir | House |
| 0:24 | Construir | House |
| 0:26 | Construir | House |
| 0:28 | Construir | House |
| 1:59 | Construir | Mill |
| 3:10 | Crear | Villager (Male) |
| 3:22 | Crear | Villager (Male) |
| 3:57 | Crear | Villager (Male) |
| 4:17 | Crear | Villager (Male) |
| 5:09 | Crear | Villager (Male) |
| 5:09 | Crear | Villager (Male) |
| 5:22 | Crear | Villager (Male) |
| 6:09 | Construir | Lumber Camp |
| 6:23 | Crear | Villager (Male) |
| 6:25 | Crear | Villager (Male) |
| 6:26 | Crear | Villager (Male) |
| 6:48 | Crear | Villager (Male) |
| 7:08 | Crear | Villager (Male) |
| 7:24 | Construir | Farm |
| 7:41 | Crear | Villager (Male) |
| 7:49 | Construir | Farm |
| 8:16 | Construir | Farm |
| 8:27 | Investigar | Loom |
| 8:38 | Construir | Farm |
| 9:06 | Construir | Farm |
| 9:30 | Construir | Mining Camp |
| 10:12 | Investigar | Feudal Age |
| 10:49 | Construir | Farm |
| 10:52 | Construir | Farm |
| 11:14 | Construir | Farm |
| 11:16 | Construir | Farm |
| 12:22 | Edad | Edad Feudal |
| 12:24 | Investigar | Wheelbarrow |
| 12:29 | Investigar | Horse Collar |
| 12:36 | Investigar | Double-Bit Axe |
| 13:46 | Crear | Villager (Male) ×5 |
| 13:53 | Investigar | Gold Mining |
| 14:22 | Construir | Market |
| 14:45 | Construir | House |
| 14:48 | Construir | House |
| 14:49 | Construir | House |
| 14:51 | Construir | House |
| 15:13 | Construir | Blacksmith |
| 16:18 | Construir | Mining Camp |
| 16:29 | Crear | Villager (Male) ×5 |
| 16:48 | Investigar | Stone Mining |
| 17:09 | Construir | Farm |
| 17:10 | Construir | Farm |
| 17:42 | Construir | Farm |
| 17:51 | Construir | Farm |
| 18:14 | Construir | Farm |
| 18:44 | Investigar | Castle Age |
| 19:05 | Construir | Barracks |
| 19:51 | Construir | Lumber Camp |
| 20:48 | Investigar | Forging |
| 21:24 | Edad | Edad de los Castillos |
| 21:35 | Investigar | Bow Saw |
| 21:39 | Investigar | Heavy Plow |
| 22:17 | Investigar | Hand Cart |
| 22:56 | Investigar | Iron Casting |
| 23:19 | Crear | Villager (Male) |
| 23:19 | Crear | Villager (Male) |
| 23:19 | Crear | Villager (Male) |
| 23:20 | Crear | Villager (Male) |
| 23:31 | Crear | Villager (Male) |
| 24:07 | Investigar | Caravan |
| 24:10 | Crear | Trade Cart |
| 24:11 | Crear | Trade Cart |
| 24:11 | Crear | Trade Cart |
| 24:11 | Crear | Trade Cart |
| 24:12 | Crear | Trade Cart |
| 24:13 | Crear | Trade Cart |
| 25:46 | Construir | Castle |
| 25:51 | Crear | Villager (Male) ×5 |
| 25:53 | Crear | Villager (Male) ×5 |
| 27:02 | Investigar | Stone Shaft Mining |
| 27:20 | Construir | Stable |
| 27:23 | Construir | Stable |
| 27:43 | Crear | Teutonic Knight ×2 |
| 27:43 | Crear | Teutonic Knight ×2 |
| 27:43 | Crear | Teutonic Knight ×2 |
| 28:37 | Construir | Lumber Camp |
| 28:50 | Investigar | Bloodlines |
| 29:08 | Construir | Monastery |
| 29:22 | Crear | Knight ×4 |
| 29:37 | Construir | Farm |
| 29:38 | Construir | Farm |
| 29:52 | Construir | Farm |
| 29:54 | Construir | Farm |
| 30:15 | Construir | University |
| 30:21 | Crear | Monk |
| 30:22 | Crear | Monk |
| 32:54 | Crear | Teutonic Knight ×5 |
| 32:55 | Crear | Teutonic Knight ×5 |
| 33:01 | Crear | Monk |
| 33:03 | Crear | Monk |
| 33:10 | Crear | Villager (Male) ×5 |
| 33:11 | Crear | Villager (Male) ×5 |
| 33:13 | Crear | Villager (Male) ×5 |
| 33:27 | Construir | House |
| 33:29 | Construir | House |
| 33:31 | Construir | House |
| 33:33 | Construir | House |
| 33:35 | Construir | House |
| 33:36 | Construir | House |
| 33:38 | Construir | House |
| 33:39 | Construir | House |
| 33:41 | Construir | House |
| 33:42 | Construir | House |
| 34:24 | Crear | Trade Cart ×5 |
| 34:24 | Crear | Trade Cart ×5 |
| 34:44 | Construir | Town Center |
| 35:25 | Investigar | Scale Barding Armor |
| 35:48 | Investigar | Scale Mail Armor |
| 36:54 | Construir | Farm |
| 37:02 | Crear | Villager (Male) ×5 |
| 38:01 | Investigar | Imperial Age |
| 38:27 | Construir | Mining Camp |
| 39:10 | Construir | Farm |
| 39:12 | Construir | Farm |
| 39:13 | Construir | Farm |
| 39:15 | Construir | Farm |
| 39:17 | Construir | Farm |
| 39:20 | Construir | Farm |
| 39:21 | Construir | Farm |
| 39:23 | Construir | Farm |
| 39:27 | Construir | Mill |
| 40:03 | Investigar | Chain Barding Armor |
| 40:04 | Investigar | Chain Mail Armor |
| 40:19 | Construir | Farm |
| 40:22 | Construir | Farm |
| 40:24 | Construir | Farm |
| 40:49 | Construir | Castle |
| 40:59 | Crear | Villager (Male) ×5 |
| 41:04 | Crear | Teutonic Knight ×5 |
| 41:04 | Crear | Teutonic Knight ×5 |
| 41:05 | Crear | Teutonic Knight ×5 |
| 41:19 | Investigar | Arson |
| 42:20 | Construir | Lumber Camp |
| 42:36 | Edad | Edad Imperial |
| 42:39 | Investigar | Plate Barding Armor |
| 42:41 | Investigar | Blast Furnace |
| 43:19 | Investigar | Crop Rotation |
| 43:27 | Investigar | Two-Man Saw |
| 43:35 | Crear | Trade Cart ×5 |
| 43:35 | Crear | Trade Cart ×5 |
Build order — nicodomax
Primeras 150 de 683 acciones detectadas
| 0:16 | Crear | Villager (Male) |
| 0:17 | Crear | Villager (Male) |
| 0:17 | Crear | Villager (Male) |
| 0:18 | Crear | Villager (Male) |
| 0:54 | Investigar | Loom |
| 1:37 | Crear | Villager (Male) |
| 2:54 | Construir | Lumber Camp |
| 3:06 | Crear | Villager (Male) |
| 3:07 | Crear | Villager (Male) |
| 3:07 | Crear | Villager (Male) |
| 3:07 | Crear | Villager (Male) |
| 3:39 | Crear | Villager (Male) |
| 5:21 | Crear | Villager (Male) |
| 5:22 | Crear | Villager (Male) |
| 5:22 | Crear | Villager (Male) |
| 5:23 | Crear | Villager (Male) |
| 5:46 | Construir | Mill |
| 6:12 | Crear | Villager (Male) |
| 6:12 | Crear | Villager (Male) |
| 6:12 | Crear | Villager (Male) |
| 8:52 | Crear | Villager (Male) |
| 8:52 | Crear | Villager (Male) |
| 8:52 | Crear | Villager (Male) |
| 8:53 | Crear | Villager (Male) |
| 9:42 | Construir | Farm |
| 9:42 | Construir | Farm |
| 10:29 | Construir | Mining Camp |
| 10:32 | Crear | Villager (Male) |
| 10:34 | Investigar | Feudal Age |
| 11:58 | Construir | Mining Camp |
| 12:00 | Crear | Villager (Male) |
| 12:00 | Crear | Villager (Male) |
| 12:01 | Crear | Villager (Male) |
| 12:01 | Crear | Villager (Male) |
| 12:02 | Crear | Villager (Male) |
| 12:46 | Edad | Edad Feudal |
| 12:59 | Construir | Stone Wall |
| 13:12 | Construir | Gate |
| 13:39 | Construir | Watch Tower |
| 14:00 | Construir | Watch Tower |
| 14:05 | Investigar | Double-Bit Axe |
| 14:11 | Construir | Farm |
| 14:42 | Construir | Lumber Camp |
| 14:49 | Construir | Farm |
| 14:49 | Construir | Farm |
| 14:50 | Construir | Farm |
| 14:51 | Construir | Farm |
| 14:53 | Construir | Farm |
| 14:54 | Construir | Farm |
| 15:09 | Construir | Farm |
| 15:44 | Construir | Stone Wall |
| 15:51 | Construir | Gate |
| 16:07 | Investigar | Wheelbarrow |
| 16:30 | Construir | Market |
| 16:47 | Construir | Blacksmith |
| 16:55 | Crear | Villager (Male) |
| 16:55 | Crear | Villager (Male) |
| 16:55 | Crear | Villager (Male) |
| 16:55 | Crear | Villager (Male) |
| 16:56 | Crear | Villager (Male) |
| 17:32 | Construir | Outpost |
| 17:38 | Construir | Outpost |
| 18:09 | Construir | Barracks |
| 18:12 | Crear | Villager (Male) |
| 18:31 | Construir | Mining Camp |
| 18:37 | Investigar | Gold Mining |
| 18:37 | Investigar | Stone Mining |
| 18:47 | Investigar | Castle Age |
| 21:31 | Crear | Villager (Male) |
| 21:32 | Crear | Villager (Male) |
| 21:32 | Crear | Villager (Male) |
| 21:32 | Crear | Villager (Male) |
| 21:42 | Edad | Edad de los Castillos |
| 21:59 | Investigar | Scale Barding Armor |
| 22:14 | Investigar | Forging |
| 22:35 | Investigar | Bow Saw |
| 22:39 | Investigar | Horse Collar |
| 23:06 | Construir | Stone Wall |
| 23:15 | Construir | Farm |
| 23:16 | Construir | Farm |
| 23:17 | Construir | Farm |
| 23:54 | Construir | Stable |
| 23:54 | Construir | Stable |
| 23:54 | Construir | Stable |
| 23:56 | Construir | Stable |
| 23:57 | Construir | Stable |
| 24:01 | Construir | Stable |
| 24:06 | Construir | Stable |
| 24:56 | Construir | Castle |
| 25:07 | Crear | Villager (Male) |
| 25:07 | Crear | Villager (Male) |
| 25:07 | Crear | Villager (Male) |
| 25:08 | Crear | Villager (Male) |
| 25:08 | Crear | Villager (Male) |
| 25:08 | Crear | Villager (Male) |
| 25:09 | Crear | Villager (Male) |
| 25:09 | Crear | Villager (Male) |
| 25:09 | Crear | Villager (Male) |
| 25:09 | Crear | Villager (Male) |
| 25:10 | Crear | Villager (Male) |
| 25:10 | Crear | Villager (Male) |
| 25:10 | Crear | Villager (Male) |
| 25:37 | Construir | Town Center |
| 26:01 | Crear | Knight |
| 26:02 | Crear | Knight |
| 26:02 | Crear | Knight |
| 26:02 | Crear | Knight |
| 26:39 | Construir | Farm |
| 26:39 | Construir | Farm |
| 26:40 | Construir | Farm |
| 26:40 | Construir | Farm |
| 28:25 | Investigar | Iron Casting |
| 28:28 | Investigar | Chain Barding Armor |
| 28:29 | Investigar | Scale Mail Armor |
| 29:10 | Construir | Town Center |
| 30:17 | Construir | Castle |
| 30:23 | Construir | Stone Wall |
| 30:34 | Construir | Stone Wall |
| 30:50 | Construir | Stone Wall |
| 30:53 | Construir | Stone Wall |
| 31:07 | Crear | Villager (Male) |
| 31:07 | Crear | Villager (Male) |
| 31:08 | Crear | Villager (Male) |
| 31:08 | Crear | Villager (Male) |
| 31:08 | Crear | Villager (Male) |
| 31:08 | Crear | Villager (Male) |
| 31:09 | Crear | Villager (Male) |
| 31:09 | Crear | Villager (Male) |
| 31:11 | Investigar | Hand Cart |
| 31:37 | Construir | Stable |
| 31:38 | Construir | Stable |
| 31:39 | Construir | Stable |
| 31:40 | Construir | Stable |
| 31:41 | Construir | Stable |
| 31:52 | Crear | Villager (Male) |
| 31:53 | Crear | Villager (Male) |
| 31:53 | Crear | Villager (Male) |
| 31:53 | Crear | Villager (Male) |
| 31:53 | Crear | Villager (Male) |
| 31:54 | Crear | Villager (Male) |
| 31:54 | Crear | Villager (Male) |
| 31:54 | Crear | Villager (Male) |
| 31:54 | Crear | Villager (Male) |
| 31:54 | Crear | Villager (Male) |
| 32:15 | Crear | Villager (Male) |
| 32:15 | Crear | Villager (Male) |
| 32:15 | Crear | Villager (Male) |
| 32:16 | Crear | Villager (Male) |
| 32:16 | Crear | Villager (Male) |
| 32:16 | Crear | Villager (Male) |
Build order — ModernSamurai
Primeras 150 de 565 acciones detectadas
| 0:10 | Construir | House |
| 0:31 | Crear | Villager (Male) |
| 0:32 | Crear | Villager (Male) |
| 1:39 | Crear | Villager (Male) |
| 1:40 | Crear | Villager (Male) |
| 1:58 | Crear | Villager (Male) |
| 2:19 | Construir | House |
| 2:30 | Crear | Villager (Male) |
| 2:57 | Crear | Villager (Male) |
| 3:16 | Construir | Lumber Camp |
| 3:42 | Crear | Villager (Male) |
| 3:43 | Crear | Villager (Male) |
| 5:21 | Crear | Villager (Male) |
| 5:21 | Crear | Villager (Male) |
| 5:22 | Crear | Villager (Male) |
| 5:22 | Crear | Villager (Male) |
| 6:37 | Construir | House |
| 6:53 | Crear | Villager (Male) |
| 6:53 | Crear | Villager (Male) |
| 7:21 | Crear | Villager (Male) |
| 8:12 | Construir | Mill |
| 8:34 | Crear | Villager (Male) |
| 9:24 | Investigar | Feudal Age |
| 9:50 | Crear | Villager (Male) |
| 10:14 | Construir | Mining Camp |
| 11:29 | Crear | Villager (Male) |
| 11:34 | Edad | Edad Feudal |
| 11:43 | Construir | House |
| 12:04 | Investigar | Double-Bit Axe |
| 12:28 | Construir | House |
| 12:38 | Crear | Villager (Male) |
| 13:31 | Crear | Villager (Male) |
| 13:32 | Crear | Villager (Male) |
| 13:33 | Crear | Villager (Male) |
| 14:12 | Construir | Farm |
| 14:15 | Construir | Farm |
| 14:20 | Construir | Farm |
| 14:23 | Construir | Farm |
| 14:27 | Construir | Farm |
| 14:33 | Construir | Farm |
| 14:43 | Crear | Villager (Male) |
| 15:13 | Construir | House |
| 15:29 | Construir | Barracks |
| 15:50 | Crear | Villager (Male) |
| 15:50 | Crear | Villager (Male) |
| 15:50 | Crear | Villager (Male) |
| 16:05 | Construir | Blacksmith |
| 16:29 | Crear | Villager (Male) |
| 16:47 | Construir | Market |
| 17:02 | Crear | Villager (Male) |
| 17:08 | Construir | Farm |
| 17:32 | Construir | Stable |
| 17:59 | Crear | Villager (Male) |
| 18:53 | Crear | Villager (Male) |
| 18:53 | Crear | Villager (Male) |
| 19:18 | Crear | Trade Cart |
| 19:18 | Crear | Trade Cart |
| 19:29 | Construir | House |
| 19:31 | Construir | House |
| 19:34 | Construir | House |
| 19:42 | Crear | Villager (Male) |
| 19:53 | Investigar | Castle Age |
| 20:28 | Construir | Mining Camp |
| 20:44 | Construir | Mining Camp |
| 21:14 | Crear | Villager (Male) |
| 21:42 | Construir | Mining Camp |
| 21:52 | Investigar | Scale Barding Armor |
| 22:13 | Construir | Farm |
| 22:19 | Construir | Farm |
| 22:23 | Construir | Farm |
| 22:29 | Construir | Farm |
| 22:33 | Edad | Edad de los Castillos |
| 22:33 | Crear | Villager (Male) |
| 22:52 | Construir | Mining Camp |
| 22:59 | Crear | Villager (Male) |
| 23:20 | Investigar | Bow Saw |
| 23:49 | Construir | Mining Camp |
| 24:07 | Crear | Villager (Male) |
| 24:08 | Crear | Villager (Male) |
| 24:08 | Crear | Villager (Male) |
| 24:09 | Crear | Villager (Male) |
| 24:33 | Construir | Stone Wall |
| 25:47 | Investigar | Chain Barding Armor |
| 25:47 | Investigar | Forging |
| 26:03 | Construir | Farm |
| 26:12 | Construir | Farm |
| 26:18 | Construir | Farm |
| 26:23 | Crear | Villager (Male) |
| 26:23 | Crear | Villager (Male) |
| 26:24 | Crear | Villager (Male) |
| 26:41 | Construir | Farm |
| 27:23 | Crear | Knight |
| 27:24 | Crear | Knight |
| 27:25 | Investigar | Husbandry |
| 29:58 | Crear | Knight |
| 29:58 | Crear | Knight |
| 29:58 | Crear | Knight |
| 30:55 | Crear | Villager (Male) |
| 30:55 | Crear | Villager (Male) |
| 30:57 | Crear | Villager (Male) |
| 31:11 | Crear | Knight |
| 31:28 | Construir | Gate |
| 31:41 | Crear | Villager (Male) |
| 31:48 | Investigar | Wheelbarrow |
| 31:55 | Construir | Monastery |
| 32:02 | Construir | University |
| 32:11 | Crear | Villager (Male) |
| 33:02 | Crear | Monk |
| 33:27 | Construir | Stone Wall |
| 34:04 | Construir | Gate |
| 34:28 | Investigar | Hand Cart |
| 34:31 | Crear | Villager (Male) |
| 34:32 | Crear | Villager (Male) |
| 34:32 | Crear | Villager (Male) |
| 34:38 | Construir | House |
| 34:40 | Construir | House |
| 34:42 | Construir | House |
| 34:43 | Construir | House |
| 34:46 | Construir | House |
| 34:48 | Construir | House |
| 34:50 | Construir | House |
| 34:54 | Construir | House |
| 34:55 | Construir | House |
| 34:57 | Construir | House |
| 35:00 | Construir | House |
| 35:01 | Construir | House |
| 35:02 | Construir | House |
| 35:04 | Construir | House |
| 35:07 | Construir | House |
| 36:03 | Construir | Stable |
| 36:08 | Construir | Stable |
| 36:10 | Construir | Stable |
| 36:14 | Construir | Stable |
| 36:15 | Construir | Stable |
| 36:21 | Construir | Stable |
| 36:45 | Crear | Knight |
| 36:45 | Crear | Knight |
| 36:46 | Crear | Knight |
| 37:57 | Construir | Stone Wall |
| 38:50 | Investigar | Forging |
| 39:04 | Crear | Knight |
| 39:04 | Crear | Knight |
| 39:04 | Crear | Knight |
| 39:05 | Crear | Knight |
| 39:05 | Crear | Knight |
| 39:05 | Crear | Knight |
| 39:05 | Crear | Knight |
| 39:06 | Crear | Knight |
| 39:06 | Crear | Knight |
| 39:06 | Crear | Knight |
Build order — marcer2014
Primeras 150 de 617 acciones detectadas
| 0:08 | Crear | Villager (Male) |
| 0:08 | Crear | Villager (Male) |
| 0:08 | Crear | Villager (Male) |
| 0:17 | Construir | House |
| 0:18 | Construir | House |
| 1:45 | Crear | Villager (Male) |
| 1:56 | Crear | Villager (Male) |
| 2:44 | Crear | Villager (Male) |
| 2:52 | Investigar | Loom |
| 2:59 | Crear | Villager (Male) |
| 3:00 | Crear | Villager (Male) |
| 3:19 | Crear | Villager (Male) |
| 3:20 | Crear | Villager (Male) |
| 3:47 | Construir | House |
| 3:49 | Construir | House |
| 3:54 | Crear | Villager (Male) |
| 3:54 | Crear | Villager (Male) |
| 5:06 | Crear | Villager (Male) |
| 5:07 | Crear | Villager (Male) |
| 5:07 | Crear | Villager (Male) |
| 5:26 | Crear | Villager (Male) |
| 5:38 | Crear | Villager (Male) |
| 6:05 | Construir | Palisade Wall |
| 6:10 | Construir | Palisade Wall |
| 6:16 | Crear | Villager (Male) |
| 7:12 | Crear | Villager (Male) |
| 8:17 | Construir | Lumber Camp |
| 9:05 | Construir | Mill |
| 9:11 | Crear | Villager (Male) |
| 9:13 | Crear | Villager (Male) |
| 9:39 | Construir | House |
| 9:42 | Construir | House |
| 9:44 | Construir | House |
| 9:45 | Construir | House |
| 11:00 | Investigar | Feudal Age |
| 11:29 | Crear | Villager (Male) |
| 11:29 | Crear | Villager (Male) |
| 11:30 | Crear | Villager (Male) |
| 11:30 | Crear | Villager (Male) |
| 11:37 | Construir | Mining Camp |
| 12:11 | Construir | Barracks |
| 12:28 | Construir | House |
| 12:30 | Construir | House |
| 12:31 | Construir | House |
| 12:40 | Crear | Villager (Male) |
| 13:10 | Edad | Edad Feudal |
| 13:21 | Construir | Palisade Wall |
| 13:25 | Construir | Palisade Wall |
| 13:32 | Construir | Palisade Wall |
| 13:36 | Construir | Palisade Wall |
| 13:42 | Crear | Villager (Male) |
| 13:45 | Crear | Villager (Male) |
| 13:45 | Crear | Villager (Male) |
| 13:55 | Crear | Eagle Scout ×2 |
| 14:08 | Investigar | Double-Bit Axe |
| 14:17 | Crear | Villager (Male) |
| 14:18 | Crear | Villager (Male) |
| 14:20 | Crear | Villager (Male) |
| 14:20 | Crear | Villager (Male) |
| 14:21 | Crear | Villager (Male) |
| 14:22 | Crear | Villager (Male) |
| 14:22 | Crear | Villager (Male) |
| 14:22 | Crear | Villager (Male) |
| 14:27 | Crear | Eagle Scout |
| 15:22 | Construir | Farm |
| 15:23 | Construir | Farm |
| 15:24 | Construir | Farm |
| 15:24 | Construir | Farm |
| 15:25 | Construir | Farm |
| 15:26 | Construir | Farm |
| 16:03 | Construir | Barracks |
| 16:05 | Construir | Barracks |
| 16:06 | Construir | Barracks |
| 16:09 | Crear | Villager (Male) |
| 16:47 | Crear | Eagle Scout |
| 16:47 | Crear | Eagle Scout |
| 16:49 | Investigar | Man-at-Arms (upgrade) |
| 16:57 | Construir | Blacksmith |
| 18:08 | Investigar | Forging |
| 18:09 | Investigar | Scale Mail Armor |
| 18:45 | Construir | Farm |
| 18:46 | Construir | Farm |
| 18:47 | Construir | Farm |
| 18:47 | Construir | Farm |
| 18:48 | Construir | Farm |
| 18:49 | Construir | Farm |
| 18:55 | Investigar | Horse Collar |
| 18:58 | Investigar | Gold Mining |
| 19:02 | Crear | Villager (Male) |
| 19:02 | Crear | Villager (Male) |
| 19:03 | Crear | Villager (Male) |
| 19:50 | Construir | Mining Camp |
| 20:09 | Construir | Market |
| 20:48 | Construir | Stone Wall |
| 20:51 | Construir | Stone Wall |
| 20:53 | Construir | Stone Wall |
| 20:57 | Construir | Stone Wall |
| 21:11 | Construir | Gate |
| 21:20 | Crear | Eagle Scout ×5 |
| 21:47 | Construir | Stone Wall |
| 21:49 | Crear | Villager (Male) |
| 21:50 | Crear | Villager (Male) |
| 21:50 | Crear | Villager (Male) |
| 21:51 | Crear | Villager (Male) |
| 21:51 | Crear | Villager (Male) |
| 21:51 | Crear | Villager (Male) |
| 21:58 | Investigar | Stone Mining |
| 23:09 | Crear | Militia ×5 |
| 23:26 | Crear | Eagle Scout ×5 |
| 23:26 | Crear | Eagle Scout ×5 |
| 23:26 | Crear | Eagle Scout ×5 |
| 23:45 | Investigar | Wheelbarrow |
| 24:05 | Construir | House |
| 24:05 | Construir | House |
| 24:06 | Construir | House |
| 24:06 | Construir | House |
| 24:06 | Construir | House |
| 24:07 | Construir | House |
| 24:07 | Construir | House |
| 24:07 | Construir | House |
| 24:08 | Construir | House |
| 24:08 | Construir | House |
| 25:11 | Crear | Eagle Scout ×3 |
| 25:22 | Construir | House |
| 25:23 | Construir | House |
| 25:23 | Construir | House |
| 25:24 | Construir | House |
| 25:24 | Construir | House |
| 25:24 | Construir | House |
| 25:25 | Construir | House |
| 25:25 | Construir | House |
| 25:26 | Construir | House |
| 25:33 | Crear | Villager (Male) |
| 25:35 | Crear | Villager (Male) |
| 25:36 | Crear | Villager (Male) |
| 25:59 | Construir | Stone Wall |
| 26:02 | Construir | Stone Wall |
| 26:18 | Crear | Trade Cart ×3 |
| 27:09 | Construir | Stone Wall |
| 27:11 | Construir | Stone Wall |
| 27:22 | Construir | Gate |
| 27:25 | Construir | Gate |
| 27:37 | Crear | Villager (Male) |
| 27:37 | Crear | Villager (Male) |
| 27:38 | Crear | Villager (Male) |
| 27:42 | Crear | Villager (Male) |
| 27:42 | Crear | Villager (Male) |
| 28:15 | Crear | Villager (Male) |
| 28:16 | Crear | Villager (Male) |
| 28:16 | Crear | Villager (Male) |
Cronología de la partida
| 6:05 | marcer2014 · wall_segment Palisade Wall x14 |
| 6:10 | marcer2014 · wall_segment Palisade Wall x7 |
| 11:34 | ModernSamurai · age_up feudal |
| 12:11 | marcer2014 · first_building Barracks |
| 12:22 | teutonicou · age_up feudal |
| 12:46 | nicodomax · age_up feudal |
| 12:59 | nicodomax · wall_segment Stone Wall x22 |
| 13:10 | marcer2014 · age_up feudal |
| 13:21 | marcer2014 · wall_segment Palisade Wall x10 |
| 13:25 | marcer2014 · wall_segment Palisade Wall x25 |
| 13:32 | marcer2014 · wall_segment Palisade Wall x5 |
| 13:36 | marcer2014 · wall_segment Palisade Wall x25 |
| 13:50 | Chopan · age_up feudal |
| 14:02 | LanChesslot · age_up feudal |
| 15:29 | ModernSamurai · first_building Barracks |
| 15:44 | nicodomax · wall_segment Stone Wall x18 |
| 16:01 | Chopan · first_building Barracks |
| 17:32 | ModernSamurai · first_building Stable |
| 18:09 | nicodomax · first_building Barracks |
| 18:44 | Chopan · first_building Archery Range |
| 19:05 | teutonicou · first_building Barracks |
| 20:48 | marcer2014 · wall_segment Stone Wall x4 |
| 20:51 | marcer2014 · wall_segment Stone Wall x10 |
| 20:53 | marcer2014 · wall_segment Stone Wall x9 |
| 20:57 | marcer2014 · wall_segment Stone Wall x10 |
| 21:21 | LanChesslot · age_up castle |
| 21:24 | teutonicou · age_up castle |
| 21:42 | nicodomax · age_up castle |
| 21:47 | marcer2014 · wall_segment Stone Wall x21 |
| 22:33 | ModernSamurai · age_up castle |
| 23:06 | nicodomax · wall_segment Stone Wall x14 |
| 23:54 | nicodomax · first_building Stable |
| 24:33 | ModernSamurai · wall_segment Stone Wall x42 |
| 24:56 | nicodomax · first_building Castle |
| 25:46 | teutonicou · first_building Castle |
| 25:48 | Chopan · age_up castle |
| 25:59 | marcer2014 · wall_segment Stone Wall x12 |
| 26:02 | marcer2014 · wall_segment Stone Wall x12 |
| 26:22 | LanChesslot · first_building Barracks |
| 27:09 | marcer2014 · wall_segment Stone Wall x18 |
| 27:11 | marcer2014 · wall_segment Stone Wall x15 |
| 27:20 | teutonicou · first_building Stable |
| 28:26 | LanChesslot · first_building Monastery |
| 29:08 | teutonicou · first_building Monastery |
| 29:25 | Chopan · wall_segment Stone Wall x6 |
| 29:52 | Chopan · wall_segment Stone Wall x15 |
| 30:03 | LanChesslot · first_market_buy 100 stone |
| 30:19 | LanChesslot · first_building Castle |
| 30:23 | nicodomax · wall_segment Stone Wall x13 |
| 30:34 | nicodomax · wall_segment Stone Wall x19 |
| 30:50 | nicodomax · wall_segment Stone Wall x13 |
| 30:53 | nicodomax · wall_segment Stone Wall x22 |
| 31:55 | ModernSamurai · first_building Monastery |
| 32:07 | Chopan · first_building Monastery |
| 33:02 | marcer2014 · age_up castle |
| 33:27 | ModernSamurai · wall_segment Stone Wall x22 |
| 34:08 | marcer2014 · first_building Monastery |
| 34:52 | marcer2014 · first_building Castle |
| 35:05 | nicodomax · first_building Archery Range |
| 35:08 | Chopan · first_market_buy 100 stone |
| 35:46 | Chopan · first_building Castle |
| 36:58 | LanChesslot · age_up imperial |
| 37:40 | teutonicou · first_market_buy 100 wood |
| 37:45 | teutonicou · first_market_sell 100 wood |
| 37:57 | ModernSamurai · wall_segment Stone Wall x13 |
| 38:38 | marcer2014 · wall_segment Stone Wall x1 |
| 39:02 | marcer2014 · first_building Siege Workshop |
| 39:57 | marcer2014 · wall_segment Stone Wall x26 |
| 39:59 | marcer2014 · wall_segment Stone Wall x1 |
| 40:02 | marcer2014 · wall_segment Stone Wall x8 |
| 40:05 | marcer2014 · wall_segment Stone Wall x27 |
| 42:36 | teutonicou · age_up imperial |
| 42:42 | ModernSamurai · first_building Castle |
| 45:49 | LanChesslot · first_building Siege Workshop |
| 45:52 | ModernSamurai · first_building Archery Range |
| 46:20 | Chopan · age_up imperial |
| 49:10 | LanChesslot · first_market_sell 500 wood |
| 49:11 | marcer2014 · age_up imperial |
| 49:50 | nicodomax · age_up imperial |
| 54:46 | marcer2014 · wall_segment Stone Wall x13 |
| 54:49 | marcer2014 · wall_segment Stone Wall x17 |
| 55:02 | marcer2014 · wall_segment Stone Wall x15 |
| 55:05 | ModernSamurai · age_up imperial |
| 55:07 | marcer2014 · wall_segment Stone Wall x14 |
| 55:52 | marcer2014 · wall_segment Stone Wall x16 |
| 56:39 | marcer2014 · first_market_buy 100 food |
| 56:43 | marcer2014 · first_market_sell 500 stone |
| 57:39 | nicodomax · first_market_sell 500 wood |
| 57:43 | nicodomax · first_market_buy 100 food |
| 59:11 | marcer2014 · wall_segment Stone Wall x7 |
| 62:51 | marcer2014 · wall_segment Stone Wall x6 |
| 63:42 | marcer2014 · wall_segment Stone Wall x1 |
| 72:19 | Chopan · first_market_sell 100 wood |
| 73:04 | marcer2014 · wall_segment Stone Wall x15 |
| 79:51 | marcer2014 · wall_segment Stone Wall x18 |
| 79:54 | marcer2014 · wall_segment Stone Wall x11 |
| 79:59 | marcer2014 · wall_segment Stone Wall x16 |
| 80:03 | marcer2014 · wall_segment Stone Wall x14 |
| 80:18 | Chopan · first_building Siege Workshop |
| 86:23 | marcer2014 · wall_segment Stone Wall x5 |
| 91:30 | nicodomax · wall_segment Stone Wall x5 |
| 91:38 | nicodomax · wall_segment Stone Wall x4 |
| 96:06 | marcer2014 · wall_segment Palisade Wall x16 |
| 96:09 | marcer2014 · wall_segment Palisade Wall x15 |
| 96:11 | marcer2014 · wall_segment Palisade Wall x11 |
| 97:15 | nicodomax · wall_segment Stone Wall x2 |
| 98:38 | nicodomax · wall_segment Stone Wall x2 |
| 99:04 | nicodomax · wall_segment Stone Wall x2 |
| 99:14 | nicodomax · wall_segment Stone Wall x1 |
| 103:33 | nicodomax · wall_segment Stone Wall x3 |
| 103:42 | nicodomax · wall_segment Stone Wall x1 |
| 107:05 | Chopan · resign |
| 110:03 | nicodomax · wall_segment Stone Wall x4 |
| 115:34 | nicodomax · wall_segment Stone Wall x1 |
[ ANÁLISIS IA · 1 CRÉDITO ]
¿Qué pasó realmente en esta partida?
Wolo.gg analiza cada decisión: build order, eco, micro, errores típicos por bracket. Análisis personalizado por WhatsApp o Discord en 30 segundos.
Guía civ
Chinos
Perfil
Chopan